[ AOE2 MATCH · #494151095 ]
UnrankedTeutons vs Turks
Player's team · WIN
Rival team · LOSS
[ REPLAY ANALYSIS · EXTRACTED FROM THE RECORDED GAME ]
Feudal
9:16
Castle
22:36
Imperial
—
| APM avg | 51.3 |
| APM peak | 87 |
| eAPM avg | 22.1 |
| Villagers / military | 52 / 11 |
Focus
⚔️ 32.3% · 🌾 67.7%
Scout Cavalry ×6 · Knight ×3 · Scorpion ×1 · Spearman ×1
Feudal
11:50
Castle
—
Imperial
—
| APM avg | 34.3 |
| APM peak | 70 |
| eAPM avg | 22.3 |
| Villagers / military | 53 / 10 |
Focus
⚔️ 31.4% · 🌾 68.6%
Spearman ×10
Match map
Initial resources + every placement click. Lines = walls · curves = elevation contours. ◆ gold · ⬟ stone · ● berries · ✦ relic · ◌ wall gap
Your base· Open — opponent sealed themselves in
Brennus's base· Open — 8t gap
Smoothed initial terrain · ◌ = detected wall gap · hover for details
Inputs per minute
— botas.el.gato - - Brennus
Build order — botas.el.gato
120 actions detected in the replay
| 0:01 | Create | Villager (Male) |
| 0:01 | Create | Villager (Male) |
| 0:02 | Create | Villager (Male) |
| 0:02 | Create | Villager (Male) |
| 0:03 | Build | House |
| 0:04 | Build | House |
| 1:27 | Create | Villager (Male) |
| 1:27 | Create | Villager (Male) |
| 1:58 | Create | Villager (Male) |
| 1:59 | Create | Villager (Male) |
| 2:24 | Create | Villager (Male) |
| 2:34 | Build | Mill |
| 2:45 | Create | Villager (Male) |
| 2:45 | Create | Villager (Male) |
| 3:09 | Create | Villager (Male) |
| 3:09 | Create | Villager (Male) |
| 3:22 | Build | House |
| 3:45 | Create | Villager (Male) |
| 4:00 | Create | Villager (Male) |
| 4:23 | Create | Villager (Male) |
| 4:23 | Create | Villager (Male) |
| 4:30 | Create | Villager (Male) |
| 4:30 | Create | Villager (Male) |
| 4:31 | Create | Villager (Male) |
| 5:17 | Build | Lumber Camp |
| 5:22 | Create | Villager (Male) |
| 5:22 | Create | Villager (Male) |
| 5:39 | Create | Villager (Male) |
| 6:05 | Research | Loom |
| 6:54 | Research | Feudal Age |
| 6:54 | Research | Feudal Age |
| 7:09 | Build | Lumber Camp |
| 7:37 | Create | Villager (Male) |
| 7:41 | Build | House |
| 8:14 | Build | Barracks |
| 8:22 | Build | Barracks |
| 8:41 | Create | Villager (Male) |
| 9:16 | Age | Feudal Age |
| 9:22 | Research | Double-Bit Axe |
| 9:26 | Build | Stable |
| 9:34 | Research | Town Watch |
| 9:40 | Create | Spearman |
| 9:43 | Create | Villager (Male) |
| 9:55 | Build | Mill |
| 10:02 | Build | House |
| 10:10 | Create | Scout Cavalry |
| 10:11 | Create | Scout Cavalry |
| 10:23 | Create | Scout Cavalry |
| 10:57 | Create | Villager (Male) |
| 11:29 | Create | Villager (Male) |
| 11:50 | Create | Villager (Male) |
| 11:50 | Create | Villager (Male) |
| 11:55 | Build | Farm |
| 11:56 | Build | Farm |
| 12:07 | Create | Scout Cavalry |
| 12:11 | Build | Farm |
| 12:11 | Build | Farm |
| 12:11 | Build | Farm |
| 12:11 | Build | Farm |
| 12:12 | Build | Farm |
| 12:12 | Build | Farm |
| 12:19 | Build | Mining Camp |
| 12:26 | Build | Watch Tower |
| 12:40 | Create | Villager (Male) |
| 13:10 | Create | Villager (Male) |
| 13:11 | Create | Villager (Male) |
| 13:14 | Build | House |
| 13:15 | Build | House |
| 13:28 | Build | Watch Tower |
| 13:50 | Build | Watch Tower |
| 13:52 | Create | Scout Cavalry |
| 14:01 | Build | Market |
| 14:13 | Create | Scout Cavalry |
| 14:20 | Build | Blacksmith |
| 14:21 | Create | Villager (Male) |
| 14:22 | Create | Villager (Male) |
| 14:22 | Create | Villager (Male) |
| 14:35 | Create | Villager (Male) |
| 15:04 | Build | Outpost |
| 15:18 | Build | Watch Tower |
| 15:40 | Create | Villager (Male) |
| 15:46 | Create | Villager (Male) |
| 15:48 | Create | Villager (Male) |
| 15:52 | Create | Villager (Male) |
| 15:52 | Create | Villager (Male) |
| 16:01 | Research | Fletching |
| 16:01 | Create | Villager (Male) |
| 16:12 | Create | Villager (Male) |
| 16:48 | Build | Watch Tower |
| 16:52 | Build | Palisade Wall |
| 17:09 | Create | Villager (Male) |
| 17:16 | Create | Villager (Male) |
| 17:26 | Create | Villager (Male) |
| 18:05 | Create | Villager (Male) |
| 18:12 | Build | House |
| 18:13 | Build | House |
| 18:14 | Build | Mining Camp |
| 18:26 | Build | House |
| 19:00 | Build | Watch Tower |
| 19:04 | Create | Villager (Male) |
| 19:29 | Build | House |
| 19:53 | Research | Castle Age |
| 19:53 | Research | Castle Age |
| 20:06 | Build | Archery Range |
| 21:04 | Create | Villager (Male) |
| 21:20 | Create | Villager (Male) |
| 21:27 | Build | Stable |
| 21:30 | Research | Scale Barding Armor |
| 22:14 | Build | Stable |
| 22:18 | Build | Farm |
| 22:23 | Research | Bloodlines |
| 22:36 | Age | Castle Age |
| 22:50 | Build | Siege Workshop |
| 22:54 | Create | Knight |
| 22:55 | Create | Knight |
| 22:57 | Create | Villager (Male) |
| 23:32 | Create | Knight |
| 23:38 | Build | Town Center |
| 23:47 | Create | Scorpion |
| 24:38 | Build | Mining Camp |
Build order — Brennus
117 actions detected in the replay
| 0:01 | Create | Villager (Male) |
| 0:02 | Create | Villager (Male) |
| 0:04 | Build | House |
| 0:05 | Build | House |
| 0:19 | Create | Villager (Male) |
| 0:49 | Create | Villager (Male) |
| 1:31 | Create | Villager (Male) |
| 1:47 | Build | Lumber Camp |
| 1:51 | Create | Villager (Male) |
| 2:26 | Create | Villager (Male) |
| 3:00 | Create | Villager (Male) |
| 3:00 | Create | Villager (Male) |
| 3:13 | Build | House |
| 3:14 | Build | House |
| 3:15 | Build | Palisade Wall |
| 3:44 | Create | Villager (Male) |
| 4:02 | Create | Villager (Male) |
| 4:33 | Research | Loom |
| 4:48 | Build | House |
| 4:50 | Build | Palisade Wall |
| 4:58 | Create | Villager (Male) |
| 5:16 | Create | Villager (Male) |
| 5:16 | Create | Villager (Male) |
| 5:57 | Build | House |
| 6:03 | Build | Palisade Wall |
| 6:08 | Create | Villager (Male) |
| 6:18 | Create | Villager (Male) |
| 6:21 | Build | Mill |
| 7:06 | Create | Villager (Male) |
| 7:31 | Create | Villager (Male) |
| 7:32 | Create | Villager (Male) |
| 7:56 | Create | Villager (Male) |
| 8:05 | Build | Mining Camp |
| 8:20 | Create | Villager (Male) |
| 8:39 | Build | Palisade Wall |
| 8:42 | Create | Villager (Male) |
| 8:55 | Build | Mill |
| 9:16 | Research | Feudal Age |
| 9:28 | Build | Palisade Wall |
| 9:31 | Build | Palisade Wall |
| 10:28 | Build | House |
| 10:41 | Create | Villager (Male) |
| 10:41 | Create | Villager (Male) |
| 11:50 | Age | Feudal Age |
| 11:54 | Build | Market |
| 11:56 | Build | Blacksmith |
| 12:20 | Build | House |
| 12:39 | Create | Villager (Male) |
| 13:09 | Create | Villager (Male) |
| 13:09 | Create | Villager (Male) |
| 13:16 | Build | Palisade Wall |
| 13:21 | Build | Palisade Wall |
| 13:38 | Build | Barracks |
| 13:41 | Create | Villager (Male) |
| 13:41 | Create | Villager (Male) |
| 13:53 | Build | Watch Tower |
| 14:12 | Create | Spearman |
| 14:12 | Create | Spearman |
| 14:19 | Build | Farm |
| 14:19 | Build | Farm |
| 14:19 | Build | Farm |
| 14:19 | Build | Farm |
| 14:32 | Build | Watch Tower |
| 15:05 | Build | Farm |
| 15:06 | Create | Villager (Male) |
| 15:06 | Create | Villager (Male) |
| 15:07 | Create | Villager (Male) |
| 15:27 | Build | House |
| 15:34 | Create | Spearman |
| 15:51 | Research | Fletching |
| 15:55 | Build | Farm |
| 15:56 | Build | Farm |
| 16:13 | Build | House |
| 16:15 | Build | House |
| 16:16 | Build | House |
| 16:18 | Build | Mining Camp |
| 16:21 | Create | Spearman |
| 16:22 | Create | Villager (Male) |
| 16:25 | Create | Villager (Male) |
| 16:42 | Create | Spearman |
| 17:00 | Create | Spearman |
| 17:13 | Create | Villager (Male) |
| 17:36 | Create | Spearman |
| 17:51 | Create | Villager (Male) |
| 17:53 | Create | Villager (Male) |
| 17:53 | Create | Villager (Male) |
| 17:53 | Create | Villager (Male) |
| 18:07 | Create | Spearman |
| 18:28 | Build | Watch Tower |
| 18:31 | Build | Palisade Wall |
| 18:34 | Create | Villager (Male) |
| 18:36 | Create | Spearman |
| 18:49 | Build | Farm |
| 18:49 | Build | Farm |
| 18:49 | Build | Farm |
| 19:07 | Create | Villager (Male) |
| 19:29 | Create | Villager (Male) |
| 19:32 | Create | Spearman |
| 20:05 | Create | Villager (Male) |
| 20:12 | Create | Villager (Male) |
| 20:25 | Create | Villager (Male) |
| 20:45 | Build | Farm |
| 20:46 | Build | Farm |
| 21:00 | Build | Farm |
| 21:02 | Create | Villager (Male) |
| 21:20 | Build | Watch Tower |
| 21:27 | Create | Villager (Male) |
| 21:38 | Build | Farm |
| 21:40 | Create | Villager (Male) |
| 21:52 | Create | Villager (Male) |
| 21:53 | Create | Villager (Male) |
| 22:09 | Create | Villager (Male) |
| 22:31 | Create | Villager (Male) |
| 22:35 | Build | Mill |
| 23:43 | Create | Villager (Male) |
| 23:54 | Build | Farm |
| 24:05 | Build | Farm |
Match timeline
| 3:15 | Brennus · wall_segment Palisade Wall x1 |
| 4:50 | Brennus · wall_segment Palisade Wall x1 |
| 6:03 | Brennus · wall_segment Palisade Wall x18 |
| 8:14 | botas.el.gato · first_building Barracks |
| 8:39 | Brennus · wall_segment Palisade Wall x9 |
| 9:16 | botas.el.gato · age_up feudal |
| 9:26 | botas.el.gato · first_building Stable |
| 9:28 | Brennus · wall_segment Palisade Wall x5 |
| 9:31 | Brennus · wall_segment Palisade Wall x17 |
| 11:50 | Brennus · age_up feudal |
| 12:44 | Brennus · first_market_buy 100 food |
| 13:16 | Brennus · wall_segment Palisade Wall x4 |
| 13:21 | Brennus · wall_segment Palisade Wall x1 |
| 13:38 | Brennus · first_building Barracks |
| 16:35 | botas.el.gato · first_market_sell 500 wood |
| 16:36 | botas.el.gato · first_market_buy 100 food |
| 16:52 | botas.el.gato · wall_segment Palisade Wall x1 |
| 18:31 | Brennus · wall_segment Palisade Wall x4 |
| 20:06 | botas.el.gato · first_building Archery Range |
| 22:36 | botas.el.gato · age_up castle |
| 22:50 | botas.el.gato · first_building Siege Workshop |
| 24:40 | Brennus · resign |
[ AI ANALYSIS · 1 CREDIT ]
What really happened in this match?
Wolo.gg analyzes every decision: build order, eco, micro, common mistakes by bracket. Personalized analysis on WhatsApp or Discord in 30 seconds.
Civ guide
Teutons
Perfil
Jugador #24126829